 Dungeon Crawl Stone Soup version 0.19-a0-1008-g4c63d25 (webtiles) character file.

2799 Liquid the Martial Artist (level 9, 0/70 HPs)
             Began as a Demonspawn Gladiator on July 22, 2016.
             Was a Priest of Dithmenos.
             Splashed by Joseph's acid (10 damage)
             ... on level 7 of the Dungeon.
             The game lasted 00:15:02 (5016 turns).

Liquid the Martial Artist (Demonspawn Gladiator)    Turns: 5016, Time: 00:15:02

Health: 0/70       AC:  3    Str: 18    XL:     9   Next: 43%
Magic:  9/9        EV: 21    Int: 10    God:    Dithmenos [***...]
Gold:   219        SH:  0    Dex: 20    Spells: 0 memorised, 8 levels left

rFire  . . .     SeeInvis .     q - +8 mithril axe "Arga" {speed, MR+}
rCold  + + .     Gourm    .     w - +0 leather armour {rC+}
rNeg   . . .     Faith    .     (no shield)
rPois  .         Spirit   .     (helmet restricted)
rElec  .         Dismiss  .     p - +2 cloak
rCorr  .         Reflect  .     (gloves unavailable)
SustAt .         Harm     .     B - +0 pair of boots
MR     +....     Clarity  +     (no amulet)
Stlth  +++++.....               (no ring)
                                H - ring of protection from cold

@: agile, corroded, wreathed by umbra, somewhat resistant to hostile
enchantments, quite stealthy
A: claws 3, horns 1, rough black scales 1, clarity, powered by death 1, strong 1
a: Shadow Step, Renounce Religion


You were on level 7 of the Dungeon.
You worshipped Dithmenos.
Dithmenos was most pleased with you.
You were not hungry.

You visited 2 branches of the dungeon, and saw 8 of its levels.
You also visited: Sewer.

You collected 219 gold pieces.

Inventory:

Hand Weapons
 q - the +8 mithril axe "Arga" (weapon) {speed, MR+}
   (You found it on level 5 of the Dungeon)

   Attacks with this weapon are significantly faster.
   It affects your resistance to hostile enchantments.
 u - a +0 blowgun
Missiles
 c - 3 throwing nets (quivered)
 v - 40 poisoned needles
Armour
 l - a +0 buckler
 m - a +0 scale mail
 o - a +1 helmet
 p - a +2 cloak (worn)
 w - a +0 leather armour of cold resistance (worn)
 y - a +0 shield
 B - a +0 pair of boots (worn)
Jewellery
 H - a ring of protection from cold (left claw)
Wands
 C - a wand of lightning (8/15)
 E - a wand of slowing (32/48)
Scrolls
 a - 3 scrolls of teleportation
 e - 2 scrolls of enchant armour
 h - 3 scrolls of remove curse
 i - 3 scrolls of enchant weapon
 r - 2 scrolls of fear
 t - a scroll of magic mapping
 D - a scroll of recharging
 G - a scroll of blinking
Potions
 b - a potion of might
 f - a potion of brilliance
 n - 3 potions of curing
 s - a potion of degeneration
 z - a potion of berserk rage {unknown}
 I - a potion of invisibility {unknown}
Comestibles
 d - 2 bread rations
 g - a meat ration
 j - a slice of pizza
 k - 6 chunks of flesh
 x - a beef jerky
 F - 3 fruits


   Skills:
 + Level 6.3 Fighting
 - Level 1.7 Throwing
 - Level 3.0 Armour
 + Level 5.9 Dodging
 + Level 3.4 Stealth
 * Level 8.3 Unarmed Combat


You had 8 spell levels left.
You didn't know any spells.

Dungeon Overview and Level Annotations

Branches:
Dungeon (7/15)             Temple (1/1) D:4

Altars:
Ashenzari
Cheibriados
Dithmenos
Elyvilon
Fedhas
Hepliaklqana
Kikubaaqudgha
Nemelex Xobeh
Okawaru
Pakellas
Qazlal
Sif Muna
Trog
Vehumet
Xom
Zin
The Shining One

Annotations:
D:7 Joseph


Innate Abilities, Weirdness & Mutations

You have claws for hands.
You are partially covered in rough black scales. (AC +4, Dex -1)
You regenerate a little health from kills.
You have a pair of small horns on your head.
You possess an exceptional clarity of mind.
Your muscles are strong. (Str +2)


Message History

Joseph zaps a wand.
The bolt of acid hits you! The acid corrodes you!
The acid burns!
It is a wand of acid.
You slash Joseph! You headbutt Joseph, but do no damage.
Joseph is heavily wounded.
Joseph hits you but does no damage.
Unknown command.
You feel agile all of a sudden.
Joseph looks very unfriendly.
Joseph hits you with a quarterstaff of protection!
* * * LOW HITPOINT WARNING * * *
Unknown command.
You slash Joseph! You headbutt Joseph, but do no damage.
Joseph is severely wounded.
Joseph barely misses you.
You slash Joseph! Your headbutt misses Joseph.
Joseph is severely wounded.
Joseph zaps a wand.
The bolt of acid hits you!
* * * LOW HITPOINT WARNING * * *
The acid corrodes you!
The acid burns!
You die...

..# #+# ##.#
#.......#### ..#
####.## #.###...# ..#
#..... # #.....# ..##
#..... #.#.#.# #..#
#....#######.#...#
##.##
#............#####
##.!# #....#########
....## .# #....#
.....# .# #...@#
.....##.# #..@.....#
......#.# #........#
....#.#.# ##.......#
....#...###.##.......#
............##.......#
######..######.......#
..###.....# #.......#
..........#


You could see Joseph.

Vanquished Creatures
  Grinder (D:5)
  Sigmund (D:3)
  Menkaure (D:7)
  3 sky beasts
  An orc warrior (D:6)
  A phantom (D:6)
  A centaur (D:5)
  6 big kobolds
  3 giant frogs
  3 howler monkeys
  2 centaur skeletons
  2 orc priests
  6 hounds
  5 orc wizards
  Crazy Yiuf (D:3)
  2 iguanas
  Natasha (twice) (D:2)
  Terence (D:3)
  5 worker ants
  A hound skeleton (D:6)
  9 adders
  3 river rats (Sewer)
  2 shadow imps
  7 oozes
  10 worms
  A dart slug (D:2)
  6 giant geckos
  27 orcs
  5 ball pythons
  10 giant cockroaches
  6 goblins
  7 hobgoblins
  9 jackals
  14 kobolds
  5 quokkas
  6 bats
  A giant gecko skeleton (D:4)
  A giant gecko zombie (D:6)
  2 giant newts
  A jackal skeleton (D:5)
  A quokka skeleton (D:5)
  6 rats
187 creatures vanquished.

Notes
Turn   | Place    | Note
-------+----------+-------------------------------------------
     0 | D:1      | Liquid the Demonspawn Gladiator began the quest for the Orb.
     0 | D:1      | Reached XP level 1. HP: 16/16 MP: 1/1
   268 | D:1      | Reached skill level 3 in Unarmed Combat
   437 | D:1      | Gained mutation: You have sharp fingernails. [demonic ancestry]
   437 | D:1      | Reached XP level 2. HP: 18/22 MP: 2/2
  1043 | D:2      | Gained mutation: You have a pair of small horns on your head. [potion of mutation]
  1043 | D:2      | Gained mutation: You possess an exceptional clarity of mind. [potion of mutation]
  1043 | D:2      | Gained mutation: Your muscles are strong. (Str +2) [potion of mutation]
  1091 | D:2      | Noticed a water elemental
  1093 | D:2      | Found a stormy altar of Qazlal.
  1094 | D:2      | Noticed a fire elemental
  1094 | D:2      | Noticed an earth elemental
  1094 | D:2      | Noticed an air elemental
  1229 | D:2      | Noticed Natasha
  1234 | D:2      | Killed Natasha
  1234 | D:2      | Gained mutation: You regenerate a little health from kills. [demonic ancestry]
  1234 | D:2      | Reached XP level 3. HP: 27/28 MP: 3/3
  1374 | D:2      | Noticed Natasha
  1379 | D:2      | Killed Natasha
  1379 | D:2      | Gained mutation: You are partially covered in rough black scales. (AC +4, Dex -1) [demonic ancestry]
  1379 | D:2      | Reached XP level 4. HP: 29/35 MP: 4/4
  1497 | D:3      | Noticed Sigmund
  1571 | D:4      | Reached skill level 4 in Unarmed Combat
  1576 | D:4      | Reached XP level 5. HP: 27/41 MP: 5/5
  1881 | D:4      | Found a blossoming altar of Fedhas.
  1882 | D:4      | Found a hazy altar of Hepliaklqana.
  1892 | D:3      | Noticed Terence
  1948 | D:4      | Gained mutation: You have very sharp fingernails. [demonic ancestry]
  1948 | D:4      | Reached XP level 6. HP: 44/48 MP: 6/6
  1992 | D:4      | Found a staircase to the Ecumenical Temple.
  1995 | D:4      | Reached skill level 5 in Unarmed Combat
  2002 | Temple   | Entered the Ecumenical Temple
  2045 | Temple   | Became a worshipper of Dithmenos the Shadowed
  2317 | D:3      | Found a glowing silver altar of Zin.
  2376 | D:3      | Found a runed door.
  2470 | D:3      | Killed Terence
  2566 | D:3      | Reached skill level 1 in Armour
  2576 | D:3      | Killed Sigmund
  2576 | D:3      | Reached XP level 7. HP: 42/55 MP: 7/7
  2619 | D:3      | Reached * piety under Dithmenos
  2874 | D:3      | Noticed Crazy Yiuf
  2887 | D:3      | Killed Crazy Yiuf
  3163 | D:5      | Entered Level 5 of the Dungeon
  3193 | D:5      | Reached skill level 6 in Unarmed Combat
  3379 | D:5      | Reached XP level 8. HP: 37/61 MP: 8/8
  3393 | D:5      | Reached skill level 5 in Fighting
  3420 | D:5      | Noticed Grinder
  3462 | D:5      | Paralysed by Grinder for 4 turns
  3483 | D:5      | Paralysed by Grinder for 7 turns
  3498 | D:5      | Killed Grinder
  3563 | D:5      | Reached ** piety under Dithmenos
  3576 | D:5      | Found a glowing drain.
  3587 | Sewer    | Entered a sewer
  3675 | Sewer    | Reached skill level 5 in Dodging
  3704 | Sewer    | Reached skill level 7 in Unarmed Combat
  3781 | Sewer    | Reached skill level 1 in Stealth
  4410 | D:6      | Gained mutation: You have claws for hands. [demonic ancestry]
  4410 | D:6      | Reached XP level 9. HP: 66/69 MP: 9/9
  4529 | D:6      | Reached *** piety under Dithmenos
  4683 | D:6      | Found a sparkling altar of Nemelex Xobeh.
  4725 | D:6      | Reached skill level 8 in Unarmed Combat
  4953 | D:7      | Noticed Menkaure
  4961 | D:7      | Killed Menkaure
  5006 | D:7      | Noticed Joseph
  5016 | D:7      | Splashed by Joseph's acid

Vault maps used:
D:1:      nagdon_arrival_zigzag_paths
D:2:      nicolae_qazlal_style_of_elements, uniq_natasha
D:3:      zin_academy, uniq_sigmund, uniq_terence, uniq_crazy_yiuf_cottage
D:4:      gammafunk_temple_overflow_pools, minmay_statues_item
D:5:      portal_sewer_entry_f, first_bread, uniq_grinder
D:6:      nemelex_xobeh_ov_fountains_minmay, serial_park_tiny_2
D:7:      lemuel_crystal_altar, grunt_temple_overflow_diamond, uniq_joseph,
          uniq_menkaure
Temple:   cyrus_circular_temple
Sewer:    sewer_co_tree

Skill      XL: |  1  2  3  4  5  6  7  8  9 |
---------------+----------------------------+-----
Unarmed Combat | 3 4 5 6 7 8 |  8.3
Dodging        | 3 4 5 |  5.9
Fighting       | 3 4 5 6 |  6.3
Armour         | 1 2 3 |  3.0
Stealth        | 2 3 |  3.4
Throwing       | |  1.7

Action                   |  1- 3 |  4- 6 |  7- 9 || total
-------------------------+-------+-------+-------++-------
Melee: Unarmed           |    90 |   199 |   118 ||   407
       Headbutt          |     8 |    38 |    43 ||    89
       Punch             |     1 |     4 |     6 ||    11
       Broad axe         |       |       |   192 ||   192
  Use: Scroll            |     6 |     4 |     5 ||    15
       Potion            |     1 |     1 |     4 ||     6
 Stab: Sleeping          |       |       |     9 ||     9
       Distracted        |       |       |     1 ||     1
  Eat: Chunk             |     1 |     3 |     8 ||    12
       Royal jelly       |       |     1 |       ||     1
Armor: Leather armour    |    13 |       |    22 ||    35
       Ring mail         |    32 |    51 |    81 ||   164
Dodge: Dodged            |    63 |    94 |   243 ||   400
